 Dungeon Crawl Stone Soup version 0.29.1-15-g9cfb28693d (webtiles) character file.

Game seed: 16121412548830739135

2250 Cheops the Carver (level 9, -2/61 HPs)
             Began as a Demonspawn Gladiator on Apr 4, 2023.
             Was a Follower of Makhleb.
             Engulfed by a steam dragon's steam (13 damage)
             ... on level 8 of the Dungeon.
             The game lasted 00:20:21 (8292 turns).

Cheops the Carver (Demonspawn Gladiator)            Turns: 8292, Time: 00:20:22

Health: -2/61      AC: 11    Str: 18    XL:     9   Next: 15%
Magic:  18/18      EV: 25    Int: 10    God:    Makhleb [*.....]
Gold:   249        SH:  0    Dex: 15    Spells: 8/8 levels left

rFire   x . .      SeeInvis .   a - +4 long sword (freeze)
rCold   + . .      Faith    .   (no shield)
rNeg    . . .      Spirit   .   o - +0 scale mail
rPois   .          Reflect  .   c - +0 helmet
rElec   .          Harm     .   x - +0 cloak
rCorr   .          Rampage  .   F - +0 pair of gloves
Will    .....                   (no boots)
Stlth   ..........              h - amulet of the acrobat
HPRegen 0.20/turn               E - ring of magical power
MPRegen 0.32/turn               p - ring of ice

@: acrobatic
A: claws 2, thin metallic scales 1, ignite blood 2, magic regeneration
a: Renounce Religion


You were on level 8 of the Dungeon.
You worshipped Makhleb.
Makhleb was aware of your devotion.
You visited 1 branch of the dungeon, and saw 8 of its levels.

You collected 332 gold pieces.
You spent 83 gold pieces at shops.

Inventory:

Hand Weapons
 a - a +4 long sword of freezing (weapon)
 b - a +0 dagger of venom
 R - a +1 long sword
Missiles
 d - 3 throwing nets (quivered)
 e - a javelin
 y - 6 boomerangs
Armour
 c - a +0 helmet (worn)
 o - a +0 scale mail (worn)
 x - a +0 cloak (worn)
 B - the +3 hat of Pondering {ponderous, Will+ MP+10 Int+5}
   (You found it on level 3 of the Dungeon)

   Int:       It affects your intelligence (+5).
   MP:        It affects your magic capacity (+10).
   Will:      It increases your willpower.
 F - a +0 pair of gloves (worn)
Jewellery
 h - an amulet of the acrobat (around neck)
 p - a ring of ice (right hand)
 E - a ring of magical power (left hand)
 J - a +6 ring of intelligence
 L - an amulet of magic regeneration
Wands
 v - a wand of paralysis (29)
 G - a wand of polymorph (9)
 K - a wand of flame (21)
 M - a wand of digging (5)
Scrolls
 f - 2 scrolls of noise {unknown}
 j - a scroll of immolation {unknown}
 n - a scroll of vulnerability {unknown}
 s - a scroll of magic mapping {unknown}
 z - a scroll of silence
 A - 2 scrolls of butterflies
 C - 3 scrolls of poison {unknown}
 N - a scroll of amnesia {unknown}
 O - a scroll of identify
 Q - a scroll of teleportation
Potions
 g - a potion of resistance
 i - 2 potions of might
 k - 2 potions of lignification {unknown}
 l - 2 potions of curing
 m - a potion of berserk rage
 q - a potion of ambrosia {unknown}
 r - 7 potions of heal wounds {unknown}
 t - a potion of attraction {unknown}
 u - 2 potions of brilliance
 w - 2 potions of haste
 D - 3 potions of mutation
 H - 3 potions of flight {unknown}
 I - 2 potions of magic {unknown}
 P - a potion of invisibility


   Skills:
 - Level 2.0 Fighting
 + Level 11.5 Long Blades
 - Level 1.7 Throwing
 - Level 2.6 Dodging


You had 8 spell levels left.
You didn't know any spells.
Your spell library contained the following spells:

 Spells                   Type           Power      Damage    Failure   Level
 Slow                     Hex            0%         N/A       78%         1
 Confusing Touch          Hex            0%         N/A       98%         3
 Gell's Gravitas          Tloc           0%         N/A       98%         3
 Lesser Beckoning         Tloc           0%         N/A       98%         3
 Teleport Other           Tloc           0%         N/A       98%         3
 Tukima's Dance           Hex            0%         N/A       98%         3
 Vampiric Draining        Necr           0%         2d6       98%         3
 Corpse Rot               Necr/Pois/Air  0%         N/A       100%        4
 Dispel Undead            Necr           0%         3d6       100%        4
 Passage of Golubria      Tloc           0%         N/A       100%        4
 Yara's Violent Unravell  Hex/Tmut       0%         3d3       100%        5
 Death Channel            Necr           0%         N/A       100%        6


Dungeon Overview and Level Annotations

Branches:
Dungeon (8/15)             Temple (0/1) D:5            Lair (0/5) D:8

Altars:
Dithmenos
Gozag
Hepliaklqana
Makhleb
Sif Muna
Trog
Vehumet

Shops:
D:7 (   D:8 [=


Innate Abilities, Weirdness & Mutations

You have very sharp fingernails.
You are partially covered in thin metallic scales. (AC +2)
Your demonic aura often causes spilled blood to erupt in flames.
You regenerate magic rapidly.


Message History

No target in view!
No target in view!
No target in view!
There is an entrance to Obbavat's Armour Emporium here.
You can access your shopping list by pressing '$'.
D - 3 potions of mutation (gained 1)
There is an escape hatch in the ceiling here.
An orc comes into view. It is wielding a +0 hand axe.
The orc shouts!
You hear a shout! x2
An orc is nearby!
You hit the orc. You freeze the orc.
The orc is heavily wounded.
The orc barely misses you.
You closely miss the orc.
The orc is heavily wounded.
The orc closely misses you.
You slash the orc! You freeze the orc.
You kill the orc!
Makhleb accepts your kill.
No target in view!
No target in view!
No target in view!
No target in view!
A steam dragon comes into view.
The steam dragon breathes steam at you. The ball of steam hits you!
The steam scalds you terribly!
You hear a shout!
No target in view!
No target in view!
You are engulfed in a cloud of scalding steam.
You are engulfed in a cloud of scalding steam.
The steam dragon breathes steam at you. The ball of steam hits you!!
The steam scalds you terribly!
* * * LOW HITPOINT WARNING * * *
You are engulfed in a cloud of scalding steam.
The steam dragon bites you but does no damage.
The steam dragon completely misses you.
You hit the steam dragon but do no damage.
You are engulfed in a cloud of scalding steam.
You die...

###....### ####..######
################.....##....
#........§....##....∩...###
#.....)..§§##.....##....#
#...#####§§######.##..### #
#. ##§# #.....##... #§#
####.....#
#@######..<.#####
#D.......#### #.########
#.# #.# ######## ..#
#....... ..# #....... ....
#....... .... #.....[.


You could see a steam dragon.

Vanquished Creatures
  A blink frog (D:5)
  Menkaure (D:5)
  3 water moccasins
  2 ice beasts (D:6)
  2 sky beasts
  3 black bears
  Blork the orc (D:5)
  2 kobold brigands
  A bullfrog (D:8)
  A gnoll sergeant (D:5)
  2 scorpions
  A howler monkey (D:8)
  2 hounds
  A gnoll bouda (D:7)
  4 jellies
  7 gnolls
  13 adders
  A white imp (D:5)
  An ufetubus (D:5)
  3 dart slugs
  13 orcs
  8 bats
  5 endoplasms
  3 giant cockroaches
  3 goblins
  7 hobgoblins
  3 jackals (D:1)
  21 kobolds
  2 quokkas
  9 ball pythons
  4 frilled lizards
  2 rats
132 creatures vanquished.

Notes
Turn   | Place    | Note
-------+----------+-------------------------------------------
     0 | D:1      | Cheops the Demonspawn Gladiator began the quest for the
                  | Orb.
     0 | D:1      | Reached XP level 1. HP: 16/16 MP: 1/1
   127 | D:1      | Reached skill level 3 in Long Blades
   363 | D:1      | Gained mutation: Your demonic aura sometimes causes spilled
                  | blood to erupt in flames. [demonic ancestry]
   363 | D:1      | Reached XP level 2. HP: 19/22 MP: 2/2
   985 | D:1      | Gained mutation: You are partially covered in thin metallic
                  | scales. (AC +2) [demonic ancestry]
   985 | D:1      | Reached XP level 3. HP: 23/27 MP: 3/3
  1493 | D:1      | Reached skill level 4 in Long Blades
  1569 | D:2      | Found a faded altar of an unknown god.
  1582 | D:2      | Reached XP level 4. HP: 33/33 MP: 4/4
  1793 | D:2      | Found an opulent altar of Gozag.
  2406 | D:2      | Reached skill level 5 in Long Blades
  2908 | D:3      | Found a hazy altar of Hepliaklqana.
  2910 | D:3      | Found a burning altar of Makhleb.
  2934 | D:3      | Found the +3 hat of Pondering {ponderous, Will+ MP+10
                  | Int+5}
  3235 | D:3      | Gained mutation: Your demonic aura often causes spilled
                  | blood to erupt in flames. [demonic ancestry]
  3235 | D:3      | Reached XP level 5. HP: 38/38 MP: 5/5
  3321 | D:3      | Became a worshipper of Makhleb the Destroyer
  3376 | D:4      | Found a shadowy altar of Dithmenos.
  3894 | D:5      | Entered Level 5 of the Dungeon
  4105 | D:5      | Noticed Menkaure
  4111 | D:5      | Killed Menkaure
  4112 | D:5      | Reached skill level 6 in Long Blades
  4112 | D:5      | Gained mutation: You regenerate magic rapidly. [demonic
                  | ancestry]
  4112 | D:5      | Reached XP level 6. HP: 15/44 MP: 6/6
  4328 | D:5      | Found a staircase to the Ecumenical Temple.
  4358 | D:5      | Noticed Blork the orc
  4376 | D:5      | Killed Blork the orc
  4377 | D:5      | Reached skill level 7 in Long Blades
  4707 | D:5      | Noticed Pikel
  4719 | D:5      | Noticed Pikel
  4719 | D:5      | Pikel changed into Pikel the blink frog
  4890 | D:5      | Killed Pikel the blink frog
  4891 | D:5      | Reached XP level 7. HP: 26/50 MP: 7/7
  5268 | D:5      | Found a bloodstained altar of Trog.
  5622 | D:5      | Reached skill level 8 in Long Blades
  6147 | D:6      | Reached * piety under Makhleb
  6293 | D:6      | Reached skill level 9 in Long Blades
  6293 | D:6      | Gained mutation: You have sharp fingernails. [demonic
                  | ancestry]
  6293 | D:6      | Reached XP level 8. HP: 50/56 MP: 8/8
  6599 | D:6      | Reached skill level 10 in Long Blades
  6679 | D:6      | Found Fir Doti's General Store.
  6703 | D:6      | Found a radiant altar of Vehumet.
  6711 | D:6      | Found a shimmering blue altar of Sif Muna.
  7651 | D:7      | Reached skill level 11 in Long Blades
  7685 | D:7      | Found Xeczuth's Weapon Shoppe.
  7693 | D:7      | Bought a +0 long sword of freezing for 83 gold pieces
  7747 | D:7      | Gained mutation: You have very sharp fingernails. [demonic
                  | ancestry]
  7747 | D:7      | Reached XP level 9. HP: 48/61 MP: 9/9
  8020 | D:8      | Found Tixkic's Jewellery Shoppe.
  8201 | D:8      | Found a staircase to the Lair.
  8235 | D:8      | Found Obbavat's Armour Emporium.
  8292 | D:8      | Engulfed by a steam dragon's steam

Illustrated notes

Levels and vault maps discovered:
D:1:      dpeg_arrival_radiant, layout_basic
D:2:      layout_basic, basic_altar, nicolae_ecumenical_snake_handling
D:3:      layout_rooms, nicolae_overflow_hidden_temple
D:4:      layout_rooms, nicolae_dithmenos_the_darkroom, kennysheep_potato
D:5:      layout_layer_cave, old_standard_altar, minmay_temple_entry_mist,
          uniq_menkaure, uniq_pikel, uniq_blork_the_orc
D:6:      layout_rooms, minitemple, serial_shops, shop,
          kennysheep_generic_room_10
D:7:      layout_basic, serial_shops, shop
D:8:      statuecave_lemuel, layout_rooms, dpeg_oklobed_lair, serial_shops,
          kennysheep_little_box, nicolae_shop_trees, nicolae_square_shop,
          shop_fountains, minivault_19, serial_bayou_lagoon_a,
          minmay_fire_ice_demons, uniq_prince_ribbit1, uniq_amaemon

Skill      XL: |  1  2  3  4  5  6  7  8 |
---------------+-------------------------+-----
Long Blades    | 3 4 5 6 7 9 11 | 11.5
Fighting       | |  2.0
Throwing       | |  1.7
Dodging        | |  2.6

Action                   |  1- 3 |  4- 6 |  7- 9 || total
-------------------------+-------+-------+-------++-------
Melee: Long sword        |    98 |   193 |   174 ||   465
       Punch             |     1 |       |     4 ||     5
Evoke: Wand              |       |     2 |       ||     2
  Use: Potion            |       |     3 |       ||     3
       Scroll            |       |     6 |     8 ||    14
 Stab: Invisible         |       |     1 |       ||     1
Armor: Leather armour    |    21 |       |       ||    21
       Scale mail        |     9 |    95 |    73 ||   177
Dodge: Dodged            |    92 |   156 |    87 ||   335
